[Event "Titled Tuesday Blitz August 15 Late 2023"]
[White "Keleberda, Tymur"]
[Black "dodoucb"]
[WhiteFideId "14174294"]
[WhiteElo "2556"]
[BlackElo "2395"]
[Result "0-1"]
[Round "3"]
[TimeControl "180+1"]
[Date "2023.08.15"]
[WhiteClock "0:00:03"]
[BlackClock "0:00:26"]
[Board "100"]

1. e4 c6 2. d4 d5 3. f3 dxe4 4. fxe4 e5 5. Nf3 Bg4 6. Bc4 Nd7 7. O-O Ngf6 8. c3 Bd6 9. dxe5 Nxe5 10. Be2 Nxf3+ 11. Bxf3 Bc5+ 12. Kh1 Qxd1 13. Rxd1 O-O 14. Bg5 Nxe4 15. Bxe4 Bxd1 16. Nd2 Bh5 17. h3 Rfe8 18. g4 Bg6 19. Bf3 Be3 20. Bxe3 Rxe3 21. Kg2 Rd8 22. Nc4 Re7 23. Kf2 Be4 24. Re1 Rde8 25. Nd6 Bxf3 26. Nxe8 Rxe1 27. Kxe1 Kf8 28. Nd6 c5 29. Kf2 Bd5 30. a4 Bc6 31. a5 b6 32. a6 Bd7 33. Ke3 Ke7 34. Nc4 Bb5 35. Ne5 f6 36. Nf3 Bxa6 37. Nh4 g6 38. Ng2 Bb7 39. Nf4 Kd6 40. Nd3 Ba6 41. Nf4 Ke5 42. h4 Bc8 43. g5 fxg5 44. hxg5 Kf5 45. Nd5 Kxg5 46. Nc7 Bb7 47. Kf2 h5 48. Kg3 h4+ 49. Kh2 Kg4 50. Nb5 g5 51. Nxa7 Kf3 52. Nb5 g4 53. Nd6 g3+ 54. Kg1 Bd5 55. c4 Bc6 56. Nf7 Ke4 57. Kg2 Kd4+ 58. Kg1 h3 0-1


[Site "https://www.chess.com"]

[Event "Titled Tuesday Blitz August 15 Late 2023"]
[White "Tarasova, Viktoriya"]
[Black "Paszewski, Mateusz"]
[WhiteFideId "4175840"]
[BlackFideId "1141058"]
[WhiteElo "2392"]
[BlackElo "2556"]
[Result "0-1"]
[Round "3"]
[TimeControl "180+1"]
[Date "2023.08.15"]
[WhiteClock "0:00:01"]
[BlackClock "0:00:23"]
[Board "101"]

1. d4 d5 2. c4 c6 3. Nf3 Nf6 4. Nc3 e6 5. Bg5 dxc4 6. e4 b5 7. e5 h6 8. Bh4 g5 9. Nxg5 hxg5 10. Bxg5 Nbd7 11. g3 Bb7 12. exf6 c5 13. d5 Qb6 14. Bg2 O-O-O 15. O-O b4 16. Na4 Qb5 17. a3 Nb8 18. axb4 cxb4 19. Qg4 Bxd5 20. Bxd5 Rxd5 21. Be3 Nc6 22. Rfc1 Ne5 23. Qe4 Qc6 24. Kg2 Kb7 25. Bf4 Nd3 26. Rxc4 Nxf4+ 27. gxf4 Qb5 28. b3 Bd6 29. Rac1 Kb8 30. Qc2 Qb7 31. f3 Rdh5 32. h3 Rg8+ 33. Kh2 Rxh3+ 34. Kxh3 Qxf3+ 35. Kh2 Rh8+ 36. Kg1 Rh1# 0-1


[Site "https://www.chess.com"]

[Event "Titled Tuesday Blitz August 15 Late 2023"]
[White "Shapiro, Viktor"]
[Black "petr577"]
[WhiteFideId "4175700"]
[WhiteElo "2555"]
[BlackElo "2374"]
[Result "0-1"]
[Round "3"]
[TimeControl "180+1"]
[Date "2023.08.15"]
[WhiteClock "0:00:00"]
[BlackClock "0:00:10"]
[Board "102"]

1. c4 c5 2. Nc3 Nc6 3. g3 e5 4. Bg2 d6 5. d3 Be6 6. Nf3 Be7 7. a3 Qd7 8. h3 h6 9. Rb1 a5 10. Nd5 Bd8 11. Bd2 f5 12. O-O Nf6 13. Nh4 Kf7 14. f4 exf4 15. Nxf4 Nd4 16. e3 g5 17. Nxe6 Qxe6 18. Nf3 Nc6 19. Qb3 Rb8 20. Rbe1 Bc7 21. Bc3 Rhg8 22. e4 f4 23. d4 cxd4 24. Bxd4 a4 25. Qd3 Ne5 26. Bxe5 dxe5 27. g4 Bb6+ 28. Kh1 h5 29. Qc3 Rbe8 30. c5 Bc7 31. Nh2 hxg4 32. hxg4 Rh8 33. Bf3 Rh3 34. Re2 Reh8 35. Rd1 Nxg4 36. Bxg4 Qxg4 37. Qc4+ Kg7 38. Rg1 Qf3+ 0-1


[Site "https://www.chess.com"]

[Event "Titled Tuesday Blitz August 15 Late 2023"]
[White "Deng, Henry"]
[Black "Blackburn, Jonathan L B"]
[WhiteFideId "30965454"]
[BlackFideId "1801090"]
[WhiteElo "2555"]
[BlackElo "2373"]
[Result "0-1"]
[Round "3"]
[TimeControl "180+1"]
[Date "2023.08.15"]
[WhiteClock "0:00:13"]
[BlackClock "0:00:14"]
[Board "103"]

1. b3 e5 2. Bb2 Nc6 3. g3 d5 4. Bg2 Be6 5. d3 f6 6. Nd2 Nge7 7. Ngf3 Qd7 8. h4 h5 9. c4 O-O-O 10. a3 Nf5 11. cxd5 Bxd5 12. e4 Bf7 13. exf5 Qxd3 14. Qe2 Qc2 15. Rb1 e4 16. Nd4 Nxd4 17. Bxd4 Rxd4 18. Bxe4 Qc3 19. Qe3 Qxe3+ 20. fxe3 Rd8 21. b4 Bd6 22. Rg1 Rhe8 23. Ke2 c6 24. Bd3 Bc7 25. Nf3 Bb6 26. e4 Bxg1 27. Rxg1 Rd7 28. Rd1 Red8 29. Ke3 Bc4 30. Ne1 Bxd3 31. Nxd3 b6 32. Rd2 Kc7 33. Rd1 c5 34. bxc5 bxc5 35. Ke2 c4 36. Nf2 Rxd1 37. Nxd1 Kc6 38. Nc3 Rd3 39. Nd5 Rxd5 40. exd5+ Kxd5 41. Kd2 Kd4 42. a4 a5 43. Kc2 c3 44. Kc1 Kd3 45. Kd1 c2+ 46. Kc1 Kc3 47. g4 hxg4 48. h5 g3 49. h6 g2 50. hxg7 g1=R# 0-1


[Site "https://www.chess.com"]

[Event "Titled Tuesday Blitz August 15 Late 2023"]
[White "Bilan, Danila"]
[Black "Yurtseven, Melih"]
[WhiteFideId "24161918"]
[BlackFideId "6312160"]
[WhiteElo "2552"]
[BlackElo "2504"]
[Result "0-1"]
[Round "3"]
[TimeControl "180+1"]
[Date "2023.08.15"]
[WhiteClock "0:00:04"]
[BlackClock "0:00:24"]
[Board "104"]

1. d4 Nf6 2. Nf3 g6 3. Bg5 Bg7 4. c3 d6 5. Nbd2 O-O 6. e4 c5 7. dxc5 dxc5 8. Bc4 Nc6 9. O-O Qc7 10. Qc2 h6 11. Bh4 Nh5 12. Rfe1 b6 13. e5 e6 14. g4 Nf4 15. Bg3 Nh3+ 16. Kg2 Ng5 17. h4 Nxf3 18. Nxf3 Bb7 19. Kh2 Rad8 20. a4 Na5 21. Be2 Rd7 22. Rad1 Rfd8 23. Rd6 Bf8 24. Rxd7 Rxd7 25. Nd2 Qc6 26. f3 Qc7 27. h5 g5 28. Ne4 Bxe4 29. Qxe4 Rd2 30. Rd1 Rxb2 31. Kh3 Qc6 32. Qxc6 Nxc6 33. Bb5 Ne7 34. Rd8 Nd5 35. c4 Nf4+ 36. Bxf4 gxf4 37. g5 hxg5 38. h6 Rf2 39. h7+ Kxh7 40. Rxf8 Rxf3+ 41. Kg4 Rg3+ 42. Kh5 Kg7 43. Rd8 f3 44. Rd1 Rg2 45. Bc6 g4 46. Rf1 f6 47. Be4 f5 48. Bc6 Re2 49. Kg5 Rxe5 50. Rd1 f4+ 51. Kxf4 Rf5+ 52. Kxg4 f2 53. Rf1 Kf6 54. Kg3 Ke5 55. Rxf2 Rg5+ 56. Kf3 Kd4 57. Bb5 Rf5+ 58. Ke2 Re5+ 59. Kd2 Re4 60. Rf8 Rh4 61. Rd8+ Ke4 62. Ra8 Rh2+ 63. Ke1 Rh7 64. Rc8 Kd4 65. Rd8+ Kc3 66. Rd7 Rxd7 67. Bxd7 e5 68. Bb5 Kd3 69. Kd1 e4 70. Ke1 Ke3 71. Bc6 Kd4 72. Bd5 Kc3 73. Ke2 Kb4 74. Kd2 Kxa4 75. Bxe4 Kb3 76. Kd3 a5 77. Bc6 a4 78. Bxa4+ Kxa4 79. Kc3 Ka3 80. Kc2 Kb4 81. Kd3 Kb3 82. Kd2 Kxc4 83. Kc2 Kb4 84. Kb2 c4 0-1


[Site "https://www.chess.com"]

[Event "Titled Tuesday Blitz August 15 Late 2023"]
[White "Jahnz, Fabian"]
[Black "Postlmayer, Jakob"]
[WhiteFideId "4653300"]
[BlackFideId "1643622"]
[WhiteElo "2348"]
[BlackElo "2551"]
[Result "1/2-1/2"]
[Round "3"]
[TimeControl "180+1"]
[Date "2023.08.15"]
[WhiteClock "0:01:17"]
[BlackClock "0:01:57"]
[Board "105"]

1. e4 c6 2. Nf3 d5 3. Nc3 Bg4 4. h3 Bxf3 5. Qxf3 e6 6. d4 dxe4 7. Qxe4 Nf6 8. Qd3 Nbd7 9. g3 Be7 10. Bg2 O-O 11. O-O Nb6 12. Ne4 h6 13. Be3 Nbd5 14. c4 Nxe3 15. Qxe3 Nxe4 16. Qxe4 Bf6 17. Rad1 Qb6 18. b3 Qa5 19. a4 Qb4 20. Rd3 Rad8 21. Rfd1 Rfe8 22. f4 g6 23. Kh2 Kg7 24. h4 h5 25. Qf3 Re7 26. d5 cxd5 27. cxd5 exd5 28. Rxd5 Rxd5 29. Rxd5 Rc7 30. Rb5 Qe7 31. Rxb7 Rxb7 32. Qxb7 Qxb7 33. Bxb7 a5 34. Kg2 Bc3 35. Kf3 Be1 36. Be4 f5 37. Bd5 Kf6 38. Bc4 1/2-1/2


[Site "https://www.chess.com"]

[Event "Titled Tuesday Blitz August 15 Late 2023"]
[White "Garakov, Mikhael"]
[Black "ciroreva-CB"]
[WhiteFideId "4169034"]
[WhiteElo "2548"]
[BlackElo "2334"]
[Result "1-0"]
[Round "3"]
[TimeControl "180+1"]
[Date "2023.08.15"]
[WhiteClock "0:00:30"]
[BlackClock "0:00:05"]
[Board "106"]

1. e4 c5 2. Nf3 e6 3. c4 Nc6 4. Nc3 Nf6 5. Be2 d5 6. exd5 exd5 7. d4 Be6 8. Be3 cxd4 9. Nxd4 Nxd4 10. Bxd4 dxc4 11. Qa4+ Qd7 12. Nb5 Rc8 13. Bxa7 Bc5 14. Rd1 Nd5 15. Bxc5 Rxc5 16. Qa8+ Rc8 17. Qxc8+ Qxc8 18. Nd6+ Ke7 19. Nxc8+ Rxc8 20. O-O b5 21. Bf3 Nf4 22. Be4 f5 23. Bc2 Kf6 24. Rfe1 g6 25. a3 h5 26. g3 Nh3+ 27. Kg2 Ng5 28. Rd6 Re8 29. f4 Nf7 30. Rb6 g5 31. Kf2 gxf4 32. gxf4 Nh6 33. h3 Re7 34. Rxb5 Rd7 35. Rb6 Rd2+ 36. Re2 Rxe2+ 37. Kxe2 Ke7 38. a4 Nf7 39. a5 Nd6 40. a6 Nc8 41. Rb7+ Kd6 42. a7 Nxa7 43. Rxa7 1-0


[Site "https://www.chess.com"]

[Event "Titled Tuesday Blitz August 15 Late 2023"]
[White "Karamsetty, Jeevan"]
[Black "Gerbelli Neto, Eduardo"]
[WhiteFideId "2025337"]
[BlackFideId "2103281"]
[WhiteElo "2545"]
[BlackElo "2334"]
[Result "0-1"]
[Round "3"]
[TimeControl "180+1"]
[Date "2023.08.15"]
[WhiteClock "0:00:07"]
[BlackClock "0:00:17"]
[Board "107"]

1. e4 e5 2. Nf3 Nc6 3. Bc4 Nf6 4. d3 Bc5 5. O-O d6 6. c3 a5 7. a4 O-O 8. h3 h6 9. Re1 Be6 10. Nbd2 Ba7 11. Bxe6 fxe6 12. Qb3 Qd7 13. Nf1 Nh5 14. Be3 Nf4 15. d4 Nxh3+ 16. Kh2 exd4 17. cxd4 Nf4 18. d5 exd5 19. exd5 Nb4 20. Rad1 Qf7 21. Bxa7 Rxa7 22. Ng3 Nbxd5 23. Re4 c6 24. Rde1 Raa8 25. Nh4 g6 26. Qd1 Rae8 27. Qg4 Kh7 28. Nf3 Rxe4 29. Nxe4 Qf5 30. Qxf5 gxf5 31. Nxd6 Kg6 32. Nxb7 Rb8 33. Nc5 Rxb2 34. Ne6 Rxf2 35. Nxf4+ Nxf4 36. Kg3 Nxg2 37. Kxf2 Nxe1 38. Nxe1 Kf6 39. Nc2 Ke5 40. Ke3 Kd5 41. Kd3 h5 42. Ne3+ Kc5 43. Kc3 f4 44. Nf1 h4 45. Kd3 h3 46. Ke4 Kb4 47. Kxf4 Kxa4 48. Kg3 Kb3 49. Kxh3 a4 50. Kg3 a3 51. Nd2+ Kc2 52. Nc4 a2 53. Ne3+ Kd3 54. Kf4 a1=Q 55. Nf5 Qd4+ 56. Kg5 Qe5 57. Kg4 Qxf5+ 58. Kxf5 c5 59. Kf4 c4 60. Kf3 c3 61. Kf2 Kd2 0-1


[Site "https://www.chess.com"]

[Event "Titled Tuesday Blitz August 15 Late 2023"]
[White "Ouellet, Maili-Jade"]
[Black "Lima, Kleyton Alcantara"]
[WhiteFideId "2620472"]
[BlackFideId "22718397"]
[WhiteElo "2332"]
[BlackElo "2541"]
[Result "1-0"]
[Round "3"]
[TimeControl "180+1"]
[Date "2023.08.15"]
[WhiteClock "0:00:05"]
[BlackClock "0:00:13"]
[Board "108"]

1. e4 c5 2. Nf3 d6 3. d4 cxd4 4. Nxd4 Nf6 5. Nc3 a6 6. Be3 e5 7. Nb3 Be6 8. f3 h5 9. Qd2 Nbd7 10. O-O-O Be7 11. Nd5 Bxd5 12. exd5 Rc8 13. Kb1 Nb6 14. Bxb6 Qxb6 15. h4 O-O 16. Be2 Qc7 17. Rc1 Rfe8 18. g4 e4 19. g5 e3 20. Qd4 Nd7 21. f4 g6 22. f5 Bf8 23. c4 Bg7 24. f6 Bf8 25. Rh3 Nc5 26. Rxe3 Nxb3 27. axb3 Qc5 28. Qxc5 dxc5 29. Rcc3 Bd6 30. Bf1 Kf8 31. Bh3 Rcd8 32. Kc2 Be5 33. Rcd3 Bf4 34. Rxe8+ Rxe8 35. Rf3 Re2+ 36. Kd3 Rd2+ 37. Kc3 Rh2 38. Rxf4 Rxh3+ 39. Kd2 Rh2+ 40. Kc3 Rh3+ 41. Kc2 Rh2+ 42. Kb1 Re2 43. Ka2 Ke8 44. Ka3 Kd7 45. Rf3 b6 46. Rh3 Kd6 47. Rh1 Re4 48. b4 Re3+ 49. b3 b5 50. bxc5+ Kxc5 51. cxb5 axb5 52. Rd1 Kd6 53. Rd4 Kc5 54. d6 Re8 55. Rd1 Rd8 56. d7 b4+ 57. Kb2 Kc6 58. Rd4 Rxd7 59. Rxb4 Rd2+ 60. Ka3 Rd7 61. Re4 Ra7+ 62. Kb4 Kd6 63. Kc3 Rc7+ 64. Rc4 Rb7 65. b4 Kd5 66. Rc5+ Ke6 67. b5 Kd6 68. Kc4 Ra7 69. Rc6+ Kd7 70. Kc5 Ra1 71. Ra6 Rc1+ 72. Kb6 Rc4 73. Ra7+ Ke6 74. Re7+ Kd6 75. Rxf7 Rxh4 76. Rg7 Rf4 77. Rxg6 h4 78. Rh6 Rf5 79. g6 Rxf6 80. g7 Rxh6 81. g8=Q h3 82. Qf8+ Kd5+ 83. Qxh6 h2 84. Qxh2 1-0


[Site "https://www.chess.com"]

[Event "Titled Tuesday Blitz August 15 Late 2023"]
[White "Kupervaser, Erez"]
[Black "Boder, Jan"]
[WhiteFideId "2814587"]
[BlackFideId "16243226"]
[WhiteElo "2535"]
[BlackElo "2317"]
[Result "0-1"]
[Round "3"]
[TimeControl "180+1"]
[Date "2023.08.15"]
[WhiteClock "0:00:03"]
[BlackClock "0:00:13"]
[Board "109"]

1. e4 e5 2. Nf3 Nc6 3. Bb5 a6 4. Ba4 Nf6 5. O-O Be7 6. Re1 b5 7. Bb3 O-O 8. a4 Bb7 9. d3 d5 10. exd5 Nxd5 11. axb5 axb5 12. Rxa8 Bxa8 13. Nxe5 Nd4 14. c3 Nxb3 15. Qxb3 b4 16. c4 Nf6 17. Bf4 c5 18. Nd2 Bd6 19. Ndf3 Bxf3 20. gxf3 Nh5 21. Bg3 Qg5 22. Ng4 Nf4 23. Re4 f5 24. h4 Qg6 25. Ne5 Bxe5 26. Rxe5 Nh5 27. Kg2 h6 28. Kh3 f4 29. Bh2 Rd8 30. Rd5 Re8 31. Qd1 Qe6+ 32. Kg2 Nf6 33. Rxc5 Nd7 34. Rd5 Qg6+ 35. Kh3 Nf6 36. Rd6 Qf5+ 37. Kg2 Qh5 38. Qd2 Qxh4 39. Qxf4 Qh5 40. Qf5 Qxf5 0-1


[Site "https://www.chess.com"]

[Event "Titled Tuesday Blitz August 15 Late 2023"]
[White "Young_Catalan_Player09"]
[Black "Osmak, Yuliia"]
[BlackFideId "14101602"]
[WhiteElo "2312"]
[BlackElo "2533"]
[Result "1-0"]
[Round "3"]
[TimeControl "180+1"]
[Date "2023.08.15"]
[WhiteClock "0:00:21"]
[BlackClock "0:00:00"]
[Board "110"]

1. d4 d5 2. c4 c5 3. Nf3 cxd4 4. cxd5 Nf6 5. Nxd4 Qxd5 6. Nc3 Qa5 7. g3 e5 8. Nb3 Qc7 9. Bg2 Bb4 10. O-O O-O 11. Bg5 Bxc3 12. Rc1 Nc6 13. Rxc3 Nd7 14. Be7 Re8 15. Bd6 Qb6 16. e3 a5 17. Qc1 a4 18. Nc5 Nxc5 19. Bxc5 Qb5 20. Rd1 Bg4 21. f3 Be6 22. a3 Bb3 23. Rd6 Rad8 24. Bf1 Qa5 25. Rcd3 Rxd6 26. Rxd6 h6 27. e4 Rd8 28. Rxd8+ Qxd8 29. Be3 Nd4 30. Kf2 Nc2 31. Qd2 Qc7 32. Bd3 Nxe3 33. Qxe3 g5 34. h4 f6 35. Qa7 Qd7 36. Ke3 gxh4 37. gxh4 Bf7 38. Qc5 Kg7 39. Qb5 Qd4+ 40. Ke2 Qg1 41. Qxb7 Qg2+ 42. Ke3 Qg1+ 43. Kd2 Qf2+ 44. Kc3 Qxf3 45. Qc7 Qe3 46. Qd7 Qc1+ 47. Bc2 Qe1+ 48. Kd3 Qxh4 49. Bxa4 Qg3+ 50. Kc2 h5 51. Bc6 Qb3+ 52. Kc1 Qe3+ 53. Kc2 Qc5+ 54. Kb1 Kg8 55. Bd5 Bxd5 56. exd5 Qd4 57. Qe6+ Kg7 58. d6 e4 59. d7 Qd3+ 60. Ka2 e3 61. Qe7+ Kg6 62. Qe8+ Kg5 63. d8=Q 1-0


[Site "https://www.chess.com"]

[Event "Titled Tuesday Blitz August 15 Late 2023"]
[White "Remolar Gallen, Jose"]
[Black "Dr_Pepper18"]
[WhiteFideId "2215187"]
[WhiteElo "2532"]
[BlackElo "2308"]
[Result "1-0"]
[Round "3"]
[TimeControl "180+1"]
[Date "2023.08.15"]
[WhiteClock "0:01:02"]
[BlackClock "0:01:04"]
[Board "111"]

1. e4 e6 2. Nf3 d5 3. e5 Ne7 4. d4 c5 5. dxc5 Ng6 6. h4 Qc7 7. c4 Nxe5 8. cxd5 Nxf3+ 9. Qxf3 Qxc5 10. Nc3 Be7 11. Be3 Qb4 12. Bb5+ Bd7 13. dxe6 Bxb5 14. Qxf7+ Kd8 15. O-O-O+ Kc8 16. a3 Be8 17. Qxg7 1-0


[Site "https://www.chess.com"]

[Event "Titled Tuesday Blitz August 15 Late 2023"]
[White "rikchessmx"]
[Black "Santos Flores, Alberto"]
[BlackFideId "3601234"]
[WhiteElo "2302"]
[BlackElo "2531"]
[Result "0-1"]
[Round "3"]
[TimeControl "180+1"]
[Date "2023.08.15"]
[WhiteClock "0:01:30"]
[BlackClock "0:02:34"]
[Board "112"]

1. e4 e6 2. d4 d5 3. Nc3 Nf6 4. Bg5 Bb4 5. e5 h6 6. Bd2 Bxc3 7. bxc3 Ne4 8. Qg4 Kf8 9. Bd3 Nxd2 10. Kxd2 c5 11. h4 Nc6 12. Rh3 c4 13. Rg3 cxd3 14. Qxg7+ Ke7 15. Qf6+ Kd7 16. Qxf7+ Qe7 17. Qg6 dxc2 18. Rf3 Rf8 19. Qxh6 Rxf3 20. Nxf3 Kc7 21. g4 Bd7 22. g5 Rf8 23. Qh5 Be8 24. Qg4 Bg6 25. h5 Be4 26. Ne1 Rxf2+ 27. Ke3 Qf8 28. g6 Na5 29. g7 Nc4# 0-1


[Site "https://www.chess.com"]

[Event "Titled Tuesday Blitz August 15 Late 2023"]
[White "6PackPlayer"]
[Black "Kirk, Ezra"]
[BlackFideId "600067"]
[WhiteElo "2299"]
[BlackElo "2526"]
[Result "0-1"]
[Round "3"]
[TimeControl "180+1"]
[Date "2023.08.15"]
[WhiteClock "0:01:31"]
[BlackClock "0:00:42"]
[Board "113"]

1. e4 c5 2. Nf3 Nc6 3. d4 cxd4 4. Nxd4 e5 5. Nb5 d6 6. a4 a6 7. N5c3 Be6 8. Na3 Be7 9. Bc4 Nf6 10. O-O O-O 11. b3 Rc8 12. Bb2 Nd4 13. Ne2 Nc6 14. f4 Ng4 15. Rf3 Qb6+ 16. Kh1 Nf2+ 17. Rxf2 Qxf2 18. Bd3 exf4 19. Qd2 f3 20. Rg1 fxe2 21. Bxe2 Ne5 22. Rf1 Qh4 23. Qe3 Bg5 24. Qg1 Qxe4 25. Re1 Qh4 26. Bd1 Bd5 27. c4 Bc6 28. Nc2 Nd3 29. Qd4 Qxd4 30. Bxd4 Nxe1 31. Nxe1 Rfe8 32. Nd3 Bf6 33. Bf2 d5 34. c5 Re4 35. Kg1 Rce8 36. Kf1 Bd4 37. Bf3 Bxf2 38. Kxf2 Re3 39. Nf4 Rxb3 0-1


[Site "https://www.chess.com"]

[Event "Titled Tuesday Blitz August 15 Late 2023"]
[White "Barwinska, Ewa"]
[Black "Urbina Perez, Juan Antonio"]
[WhiteFideId "21833761"]
[BlackFideId "2217368"]
[WhiteElo "2281"]
[BlackElo "2526"]
[Result "1-0"]
[Round "3"]
[TimeControl "180+1"]
[Date "2023.08.15"]
[WhiteClock "0:00:43"]
[BlackClock "0:00:26"]
[Board "114"]

1. e4 e5 2. Nf3 Nc6 3. Bc4 Bc5 4. O-O Nf6 5. d3 d6 6. c3 a5 7. a4 h6 8. h3 O-O 9. Re1 Re8 10. Nbd2 Be6 11. Qb3 Bxc4 12. Nxc4 Rb8 13. Be3 Bxe3 14. Nxe3 Ne7 15. Nh4 c6 16. Nhf5 Nxf5 17. Nxf5 d5 18. Rad1 Re6 19. Qc2 Qc7 20. Qe2 Kh7 21. Qf3 g6 22. Ne3 Kg7 23. exd5 cxd5 24. Nxd5 Nxd5 25. Qxd5 Rd8 26. Qe4 Qb6 27. Qh4 Rde8 28. b4 axb4 29. cxb4 Qc6 30. d4 Qxa4 31. dxe5 Rxe5 32. Qd4 f6 33. Rxe5 fxe5 34. Qd7+ Qxd7 35. Rxd7+ Kf6 36. Rxb7 Rc8 37. Kh2 Rc3 38. f3 Rb3 39. b5 h5 40. h4 Rb2 41. b6 Rb3 42. Rb8 Kf7 43. b7 Kg7 44. Kg3 e4 45. Kf2 exf3 46. gxf3 Kf7 47. Rh8 Rxb7 48. Rh7+ 1-0


[Site "https://www.chess.com"]

[Event "Titled Tuesday Blitz August 15 Late 2023"]
[White "Nanu, Costica-Ciprian"]
[Black "Ai, Evan"]
[WhiteFideId "1204580"]
[BlackFideId "2094770"]
[WhiteElo "2524"]
[BlackElo "2274"]
[Result "1-0"]
[Round "3"]
[TimeControl "180+1"]
[Date "2023.08.15"]
[WhiteClock "0:00:31"]
[BlackClock "0:00:06"]
[Board "115"]

1. Nf3 Nf6 2. b3 d5 3. Bb2 e6 4. e3 Nbd7 5. g3 Be7 6. Bg2 O-O 7. O-O b6 8. d3 Bb7 9. Nbd2 c5 10. Re1 a6 11. e4 Rc8 12. e5 Ne8 13. h4 Nc7 14. Nf1 b5 15. N1h2 Nb6 16. h5 h6 17. Ng4 c4 18. Bc1 Kh8 19. Be3 Nd7 20. d4 b4 21. Qc1 Nb5 22. Nfh2 Bg5 23. f4 Be7 24. Qd1 Nc3 25. Qf3 cxb3 26. axb3 Ne4 27. f5 exf5 28. Qxf5 Rxc2 29. Rac1 Rxc1 30. Rxc1 Bc8 31. Bxe4 dxe4 32. Qxe4 Nb6 33. Bxh6 gxh6 34. Rc6 Bg5 35. Nf6 Bb7 36. Qh7# 1-0


[Site "https://www.chess.com"]

[Event "Titled Tuesday Blitz August 15 Late 2023"]
[White "Kula, Robert"]
[Black "Grebeniuk, Semen"]
[WhiteFideId "1101218"]
[BlackFideId "14117509"]
[WhiteElo "2268"]
[BlackElo "2520"]
[Result "0-1"]
[Round "3"]
[TimeControl "180+1"]
[Date "2023.08.15"]
[WhiteClock "0:00:18"]
[BlackClock "0:00:12"]
[Board "116"]

1. d4 f5 2. Bg5 g6 3. e3 Nh6 4. c4 Nf7 5. Bh4 Bg7 6. Nc3 O-O 7. f4 d6 8. Nf3 c6 9. Bd3 Qe8 10. Bg3 e5 11. fxe5 dxe5 12. Be2 Nd7 13. O-O e4 14. Nd2 Nf6 15. c5 Be6 16. Nc4 Qe7 17. Nd6 Rad8 18. Nxf7 Qxf7 19. Bd6 Rfe8 20. b4 Bh6 21. Bf4 Bxf4 22. Rxf4 Bc4 23. Qf1 Bxe2 24. Qxe2 h5 25. Raf1 b6 26. Qc2 Qe6 27. h3 bxc5 28. bxc5 Rb8 29. Qa4 Re7 30. R4f2 Reb7 31. Qa6 h4 32. Rf4 Rh7 33. R4f2 Nd5 34. Nxd5 Qxd5 35. Kh1 Rhb7 36. Rf4 Rh7 37. Qe2 Rf8 38. Qf2 Qd8 39. Rg1 Rh5 40. g4 hxg3 41. Rxg3 Qf6 42. Qg2 Kf7 43. Kg1 Rfh8 44. Kf2 Rh4 45. Rxh4 Rxh4 46. Ke2 Qe6 47. Kd1 Qc4 48. Rxg6 Qd3+ 49. Kc1 Qxe3+ 50. Kb2 Qxd4+ 51. Kb1 Rf4 52. Rd6 Qb4+ 53. Kc2 Qxc5+ 54. Kb2 Qxd6 55. Kb3 Qd5+ 56. Kb4 Rf3 57. Qg5 a5+ 58. Ka4 Qb5# 0-1


[Site "https://www.chess.com"]

[Event "Titled Tuesday Blitz August 15 Late 2023"]
[White "Ardila, Oscar Humberto"]
[Black "Morgunov, Marc"]
[WhiteFideId "4404742"]
[BlackFideId "1640305"]
[WhiteElo "2265"]
[BlackElo "2520"]
[Result "1-0"]
[Round "3"]
[TimeControl "180+1"]
[Date "2023.08.15"]
[WhiteClock "0:00:23"]
[BlackClock "0:00:00"]
[Board "117"]

1. d4 Nf6 2. c4 b6 3. Nf3 Bb7 4. e3 g6 5. Be2 Bg7 6. O-O O-O 7. Nc3 e6 8. b3 d5 9. Ba3 Re8 10. Rc1 Nbd7 11. cxd5 Nxd5 12. Nxd5 Bxd5 13. Qc2 c5 14. dxc5 Rc8 15. Ba6 Rc7 16. e4 Nxc5 17. Bb5 Bxe4 18. Qe2 Rf8 19. Rfd1 Qa8 20. b4 a6 21. bxc5 axb5 22. cxb6 Rxc1 23. Bxc1 Qb7 24. Be3 b4 25. Ne1 Ra8 26. Qb5 Bd5 27. Qxb4 Rxa2 28. Rc1 Be5 29. Qb5 Kg7 30. Qd3 Rb2 31. Bd4 Bxd4 32. Qxd4+ f6 33. Qxb2 1-0


[Site "https://www.chess.com"]

[Event "Titled Tuesday Blitz August 15 Late 2023"]
[White "elpera"]
[Black "De Souza, Cristiano Gomes"]
[BlackFideId "2151758"]
[WhiteElo "2518"]
[BlackElo "2252"]
[Result "0-1"]
[Round "3"]
[TimeControl "180+1"]
[Date "2023.08.15"]
[WhiteClock "0:00:00"]
[BlackClock "0:00:23"]
[Board "118"]

1. d4 Nf6 2. Bg5 c5 3. Nc3 cxd4 4. Qxd4 Nc6 5. Qh4 e6 6. O-O-O Be7 7. e4 h6 8. e5 Nd5 9. Bxe7 Qxe7 10. Qxe7+ Ncxe7 11. Ne4 Ng6 12. Nd6+ Ke7 13. Nf3 f6 14. exf6+ gxf6 15. c4 Kxd6 16. cxd5 exd5 17. Bc4 Ne7 18. Rhe1 b6 19. Bb3 Bb7 20. Nd4 Rac8+ 21. Kb1 a6 22. g3 h5 23. h4 Rhg8 24. Re3 Rg4 25. Ne2 Nf5 26. Red3 Ne7 27. Nf4 Rc5 28. Nxh5 Re4 29. R3d2 f5 30. Nf4 Ke5 31. h5 d4 32. h6 Rc8 33. f3 Re3 34. Rxd4 Bxf3 35. Rxd7 Bxd1 36. Rxe7+ Kd4 37. Rxe3 Kxe3 38. Bxd1 Rh8 39. Bc2 Rxh6 40. Bxf5 Rh1+ 41. Kc2 Rg1 42. Nh5 Rg2+ 43. Kb3 b5 44. g4 Kd4 45. Nf6 a5 46. Nd7 a4+ 47. Kb4 Rxb2+ 48. Ka5 Rxa2 49. g5 Rg2 50. g6 a3 51. Kxb5 a2 0-1


[Site "https://www.chess.com"]

[Event "Titled Tuesday Blitz August 15 Late 2023"]
[White "Kashefi, Amir Hosein"]
[Black "Kalaiyalahan, Akshaya"]
[WhiteFideId "12557935"]
[BlackFideId "422894"]
[WhiteElo "2517"]
[BlackElo "2243"]
[Result "1-0"]
[Round "3"]
[TimeControl "180+1"]
[Date "2023.08.15"]
[WhiteClock "0:00:55"]
[BlackClock "0:00:00"]
[Board "119"]

1. e4 e6 2. d4 d5 3. Nc3 dxe4 4. Nxe4 Nf6 5. Bg5 Be7 6. Bxf6 Bxf6 7. Nf3 O-O 8. c3 b6 9. Ng3 Bb7 10. Bd3 Nd7 11. O-O c5 12. dxc5 Nxc5 13. Bc2 Qxd1 14. Raxd1 Bxf3 15. gxf3 Rfd8 16. Kg2 g6 17. Ne4 Nxe4 18. fxe4 Rxd1 19. Rxd1 Rd8 20. Rxd8+ Bxd8 21. f4 Kg7 22. Kf3 f5 23. e5 Bh4 24. b4 Be1 25. Bb3 Kf7 26. b5 Bxc3 27. Ke3 Ke7 28. Kf3 h6 29. h3 g5 30. Bc4 Bd2 31. fxg5 hxg5 32. h4 g4+ 33. Ke2 Bf4 34. h5 Bxe5 35. h6 f4 36. h7 Bf6 37. Kf2 e5 38. Bd3 Kd6 39. Bf5 Kd5 40. Bxg4 e4 41. Bf5 Kd4 42. a4 Ke5 43. Bg6 Kd4 44. Bf5 e3+ 45. Kf3 Be5 46. Bg6 Kc3 47. Ke2 Kb3 48. Bd3 Kxa4 49. Kf3 Kb4 50. Ke4 Bh8 51. Kxf4 Bd4 52. Ke4 Kc3 53. Be2 Bg7 54. Kxe3 Kc2 55. Ke4 Kd2 56. Bf1 Ke1 57. Bc4 Kd2 58. Kf5 Kc3 59. Bf1 Kb4 60. Ke6 Kc5 61. Kf7 Bd4 62. Kg8 Kd6 63. h8=Q Bxh8 64. Kxh8 Kc7 65. Kg7 Kb7 66. Kf7 1-0


[Site "https://www.chess.com"]

[Event "Titled Tuesday Blitz August 15 Late 2023"]
[White "Zampronha, Wladimir Camilo"]
[Black "Janaszak, Dawid"]
[WhiteFideId "2103087"]
[BlackFideId "1119206"]
[WhiteElo "2241"]
[BlackElo "2515"]
[Result "1/2-1/2"]
[Round "3"]
[TimeControl "180+1"]
[Date "2023.08.15"]
[WhiteClock "0:00:20"]
[BlackClock "0:00:09"]
[Board "120"]

1. e4 g6 2. d4 Bg7 3. Nc3 a6 4. g3 b5 5. Bg2 Bb7 6. Nge2 d6 7. O-O Nd7 8. a4 b4 9. Nd5 a5 10. c3 e6 11. Ne3 Ne7 12. f4 f5 13. d5 Nc5 14. dxe6 Nxe4 15. cxb4 axb4 16. Qb3 c5 17. Rd1 O-O 18. Nc4 d5 19. Ne5 Qd6 20. Be3 c4 21. Qc2 b3 22. Qc1 Qxe6 23. Nd4 Qc8 24. Bd2 Nc6 25. Ndxc6 Bxc6 26. Bc3 Rd8 27. a5 Bb7 28. Qe3 Nxc3 29. Qxc3 Qc5+ 30. Kh1 Rd6 31. Rd4 Rda6 32. Rad1 Rxa5 33. Bxd5+ Bxd5+ 34. Rxd5 Qc7 35. Qxc4 Qxc4 36. Nxc4 Rxd5 37. Rxd5 Rc8 38. Na5 Rc1+ 39. Kg2 Rc2+ 40. Kh3 Rxb2 41. Rb5 Bc3 42. Rxb3 Rxb3 43. Nxb3 Kf7 44. Nc5 Ke7 45. Nd3 Kd6 46. g4 Kd5 47. gxf5 gxf5 48. Kg3 Ke4 49. Nf2+ Ke3 50. Nh3 Be1+ 51. Kg2 h6 52. Kf1 Bh4 53. Kg2 Ke2 54. Ng1+ Ke3 55. Nh3 h5 56. Ng5 Kxf4 57. Ne6+ Ke3 58. Ng7 f4 59. Nxh5 f3+ 60. Kf1 Bg5 61. Ng7 Bf4 62. Nf5+ Ke4 63. Ng3+ Bxg3 64. hxg3 Ke3 65. g4 Kf4 66. Kf2 Kxg4 67. Kf1 Kg3 68. Kg1 f2+ 69. Kf1 Kf3 1/2-1/2


[Site "https://www.chess.com"]